 Dungeon Crawl Stone Soup version 0.22-a0-614-g34fbaa0 (webtiles) character file.

193 AnonRepulsa the Charlatan (level 5, -1/25 HPs)
             Began as a Spriggan Artificer on July 17, 2018.
             Was an Initiate of Wu Jian.
             Killed by divine providence
             ... invoked by an orc priest
              (10 damage)
             ... on level 3 of the Dungeon.
             The game lasted 00:13:52 (3055 turns).

AnonRepulsa the Charlatan (Spriggan Artificer)      Turns: 3055, Time: 00:13:52

Health: -1/25      AC:  2    Str:  9    XL:     5   Next: 43%
Magic:  0/9        EV: 19    Int: 13    God:    Wu Jian [......]
Gold:   59         SH:  0    Dex: 16    Spells: 4/4 levels left

rFire    . . .     SeeInvis +   a - +0 short sword
rCold    . . .     Gourm    .   (shield restricted)
rNeg     . . .     Faith    .   b - +0 robe
rPois    .         Spirit   +   (helmet restricted)
rElec    .         Reflect  .   (no cloak)
rCorr    .         Harm     .   (gloves unavailable)
MR       .....                  (boots unavailable)
Stlth    +++.......             h - amulet of guardian spirit
HPRegen  0.08/turn              (no ring)
MPRegen  0.11/turn              (no ring)

@: very quick
A: very small, unfitting armour, see invisible, herbivore, speed 3, slow
metabolism 2
a: Renounce Religion


You were on level 3 of the Dungeon.
You worshipped Wu Jian.
Wu Jian was noncommittal.
You were not hungry.

You visited 1 branch of the dungeon, and saw 3 of its levels.

You collected 59 gold pieces.

Inventory:

Hand Weapons
 a - a +0 short sword (weapon)
Armour
 b - a +0 robe (worn)
Jewellery
 h - an amulet of guardian spirit (around neck)
Wands
 c - a wand of flame (3)
 d - a wand of enslavement (1)
 e - a wand of random effects (9)
Scrolls
 k - a scroll of teleportation
Potions
 i - a potion of agility
 j - 3 potions of cancellation
Comestibles
 f - 9 rations


   Skills:
 + Level 1.3 Fighting
 + Level 3.3 Short Blades
 + Level 4.3 Dodging
 + Level 4.0 Stealth
 + Level 5.2 Evocations


You had 4 spell levels left.
You didn't know any spells.
Your spell library was empty.

Dungeon Overview and Level Annotations

Branches:
Dungeon (3/15)

Altars:
Okawaru
Wu Jian

Annotations:
D:3 Natasha


Innate Abilities, Weirdness & Mutations

You are very small and have problems with some larger weapons.
You are too small for most types of armour.
You have supernaturally acute eyesight. (SInv)
You are a herbivore.
You cover ground extremely quickly.
You need to consume almost no food.


Message History

The orc is almost dead.
Natasha claws the orc.
The orc dies!
The Council accepts your kill.
Your crimson imp blinks!
You hit the orc priest.
The orc priest is moderately wounded.
Natasha claws the orc priest but does no damage.
The orc priest calls down the wrath of Beogh upon you.
Pain shoots through your body!
You hit the orc priest.
The orc priest is heavily wounded.
Natasha claws the orc priest but does no damage.
The orc priest mumbles some strange prayers to Beogh against you.
Beogh smites you!
* * * LOW HITPOINT WARNING * * *
You feel better.
The orc closely misses Natasha.
Natasha claws the orc priest!
The orc priest invokes the aid of Beogh against you.
Beogh smites you!
You die...

#.### #.# >.# ### #
#### #### #.. .. ##.
.(# #.####.. ##
#...###.# #.#... .)
#...$.#.###5#.# .# #..
#.......oo##..##.#
##.####.###[.h@....!..
#.......# ###########.
#.#...### #[..#.######
####....[[.#### #
##..........#
#####...........#
...((......(.)..#
#####..(........#


You could see an orc priest, an orc, the friendly Natasha and a friendly crimson
imp.

Vanquished Creatures
  Sigmund (D:3)
  Natasha (D:3)
  A gnoll (D:1)
  An adder (D:2)
  3 worms (D:2)
  2 dart slugs
  A leopard gecko (D:2)
  2 orcs (D:3)
  5 bats
  A giant cockroach (D:1)
  9 goblins
  4 hobgoblins
  4 frilled lizards
  4 kobolds
  4 rats
43 creatures vanquished.

Vanquished Creatures (collateral kills)
  A dart slug (D:3)
  2 orcs (D:3)
  A giant cockroach (D:3)
4 creatures vanquished.

Vanquished Creatures (others)
  An adder (D:3)
1 creature vanquished.

Grand Total: 48 creatures vanquished

Notes
Turn   | Place    | Note
-------+----------+-------------------------------------------
     0 | D:1      | AnonRepulsa the Spriggan Artificer began the quest for the Orb.
     0 | D:1      | Reached XP level 1. HP: 9/9 MP: 4/4
   185 | D:1      | Reached XP level 2. HP: 10/14 MP: 6/6
   535 | D:1      | Reached XP level 3. HP: 11/17 MP: 5/7
   957 | D:2      | HP: 1/25 [poisoned by an adder]
  1417 | D:2      | Found an ornate altar of the Wu Jian Council.
  1433 | D:2      | Became a worshipper of the Wu Jian Council
  1623 | D:2      | Reached skill level 1 in Fighting
  1820 | D:2      | Found an iron altar of Okawaru.
  2491 | D:3      | Noticed Sigmund
  2542 | D:3      | Reached XP level 4. HP: 21/22 MP: 6/8
  2586 | D:3      | Killed Sigmund
  2586 | D:3      | Reached skill level 5 in Evocations
  2586 | D:3      | Reached XP level 5. HP: 20/25 MP: 7/9
  2621 | D:3      | Noticed Natasha
  2673 | D:3      | Killed Natasha
  2998 | D:3      | Noticed Natasha
  3055 | D:3      | Killed from afar by an orc priest

Vault maps used:
D:1:      mainiacjoe_arrival_reflecting_pool, serial_corexii_hall,
          corexii_hall_statues_t, corexii_hall_statues_t,
          corexii_hall_statues_x, corexii_hall_statues_l, minmay_door_square
D:2:      overflow_temple_1_default, nicolae_overflow_crystal_walls,
          first_ration, serial_co_window_serial, co_window_cross_1,
          co_window_corner_a, co_window_corner_a, co_window_corner_a,
          co_window_paths_a, co_window_corner_b, co_window_corner_b,
          co_window_corner_ca, co_window_paths_e, glass_columns_a
D:3:      good_gods_temple_1, uniq_natasha, uniq_sigmund

Skill      XL: |  1  2  3  4  5 |
---------------+----------------+-----
Stealth        | 2 3 4 |  4.0
Short Blades   | 2 3 |  3.3
Fighting       | 1 |  1.3
Dodging        | 4 |  4.3
Evocations     | 5 |  5.2

Action                   |  1- 3 |  4- 6 || total
-------------------------+-------+-------++-------
Melee: Short sword       |   123 |    57 ||   180
Invok: Lunge             |     3 |     1 ||     4
Evoke: Wand              |    15 |    17 ||    32
  Use: Scroll            |     4 |     1 ||     5
       Potion            |     6 |     3 ||     9
 Stab: Sleeping          |     9 |       ||     9
Armor: Robe              |     8 |     2 ||    10
Dodge: Dodged            |    88 |    68 ||   156

Table legend:
 A = Spawn XP
 B = Non-spawn XP
 C = Spawn XP percentage of total XP
 D = Spawn monster count
 E = Non-spawn monster count
 F = Spawn count percentage of total count
 G = Total turns spent on level
                    A         B        C        D         E        F      G
               +---------+---------+-------+---------+---------+-------+---------
         Total |       0 |     276 |   0.0 |       0 |      48 |   0.0 |  3055
               +---------+---------+-------+---------+---------+-------+---------
           D:1 |       0 |      43 |   0.0 |       0 |      19 |   0.0 |   914
           D:2 |       0 |      48 |   0.0 |       0 |      14 |   0.0 |  1577
           D:3 |       0 |     185 |   0.0 |       0 |      15 |   0.0 |   564
               +---------+---------+-------+---------+---------+-------+---------
